AoeStats
← periquin_182

Arena

509674118Analyzed
3v3 RM · 5d ago on Sep 27, 2026· 46m 30s· 6 players
Game mode
Random Map
Map size
Normal (6 player)
Population
200
Speed
Normal
Resources
Standard
Victory
Conquest
Starting age
Dark Age
Ending age
Imperial Age
RankedLock teamsTeams togetherTeam positionsShared explorationLock speedFull tech treeHidden civsTurbo modeCheats
Victory
Defeat
🇧🇷 Persians · Brazil
910
+13
🇧🇷 Vikings · Brazil
877
+15
🇧🇷 Teutons · Brazil
847
+16
🇩🇪 Danes · Germany
857
-15
🇺🇸 Malay · United States
855
-15
🇲🇽 Japanese · Mexico
840
-14
periquin_182
2:39 Loom
10:23 Feudal Age
11:02 Double-Bit Axe
17:36 Castle Age
15:50 Stone Mining
16:31 Man-at-Arms
17:53 Forging
20:55 Wheelbarrow
23:09 Fletching
26:16 Iron Casting
31:44 Imperial Age
31:20 Bow Saw
31:39 Elite Skirmisher
34:00 Conscription
33:04 Elite Skirmisher
34:48 Hand Cart
34:42 Elite Samurai
38:22 Bodkin Arrow
38:28 Padded Archer Armor
38:51 Ballistics
Sir Leonhart
13:18 Feudal Age
17:01 Castle Age
15:20 Double-Bit Axe
15:22 Horse Collar
22:09 Bow Saw
22:13 Gold Mining
25:20 Loom
28:17 Wheelbarrow
28:14 Heavy Plow
28:29 Scale Mail Armor
28:39 Forging
28:30 Padded Archer Armor
29:03 Gambesons
29:19 Squires
30:17 Hand Cart
30:10 Arson
31:06 Iron Casting
30:48 Chain Mail Armor
30:23 Fletching
32:16 Ballistics
32:21 Leather Archer Armor
35:18 Imperial Age
34:31 Bodkin Arrow
34:50 Thumb Ring
35:42 Heavy Mounted Crossbowman
35:42 Cranequins
36:52 Conscription
37:17 Elite Varangian Guard
39:05 Blast Furnace
42:18 Elite Jomsviking
45:42 Bracer
JoseRegens
1:13 Loom
11:07 Feudal Age
10:43 Double-Bit Axe
19:04 Forging
22:43 Castle Age
21:09 Scale Barding Armor
20:55 Horse Collar
21:27 Stone Mining
21:42 Gold Mining
23:26 Man-at-Arms
25:57 Wheelbarrow
27:36 Hand Cart
29:28 Arson
29:44 Squires
31:46 Bow Saw
31:38 Heavy Plow
31:38 Town Watch
37:00 Imperial Age
35:50 Iron Casting
37:14 Crop Rotation
37:33 Ballistics
38:47 Chemistry
39:49 Elite Karambit Warrior
42:01 Blast Furnace
43:44 Forced Levy
JLT_Jhoni
0:27 Loom
15:51 Feudal Age
16:16 Gold Mining
16:17 Stone Mining
16:08 Horse Collar
16:17 Double-Bit Axe
17:11 Wheelbarrow
17:01 Town Watch
22:48 Castle Age
23:28 Heavy Plow
24:05 Gold Shaft Mining
24:05 Stone Shaft Mining
23:43 Bow Saw
23:51 Hand Cart
30:48 Imperial Age
31:14 Kamandaran
31:35 Conscription
31:16 Murder Holes
31:28 Crossbowman
33:48 Chemistry
33:10 Ballistics
34:40 Elite War Elephant
36:29 Thumb Ring
37:04 Padded Archer Armor
36:54 Fletching
39:07 Two-Man Saw
38:40 Crop Rotation
41:07 Leather Archer Armor
40:47 Bodkin Arrow
42:32 Ring Archer Armor
42:08 Scale Barding Armor
46:04 Chain Barding Armor
45:55 Forging
FREDERICUS-HERECTUS
0:27 Loom
11:59 Feudal Age
13:01 Town Watch
13:26 Horse Collar
13:56 Double-Bit Axe
16:59 Gold Mining
17:00 Stone Mining
16:37 Man-at-Arms
18:06 Forging
18:35 Scale Mail Armor
19:15 Fletching
19:26 Padded Archer Armor
21:14 Arson
24:40 Castle Age
25:37 Bodkin Arrow
26:04 Heavy Plow
26:42 Gold Shaft Mining
26:42 Bow Saw
26:37 Elite Skirmisher
27:20 Long Swordsman
32:44 Imperial Age
31:21 Iron Casting
30:47 Pikeman
31:40 Squires
32:22 Chain Mail Armor
32:43 Leather Archer Armor
35:02 Chemistry
34:24 Ballistics
34:54 Masonry
34:40 Murder Holes
39:18 Bracer
40:20 Blast Furnace
46:51 Plate Mail Armor
47:32 Ring Archer Armor
Toupeira_92
11:05 Feudal Age
12:20 Wheelbarrow
17:18 Castle Age
16:33 Horse Collar
17:04 Double-Bit Axe
21:46 Squires
21:38 Arson
26:19 Pikeman
27:14 Scale Mail Armor
28:52 Heavy Plow
29:08 Bow Saw
28:55 Gold Mining
29:42 Bloodlines
30:05 Forging
31:14 Hand Cart
32:12 Iron Casting
31:43 Scale Barding Armor
36:51 Imperial Age
36:26 Chain Barding Armor
36:23 Chain Mail Armor
37:14 Stone Mining
38:18 Conscription
37:54 Cavalier
42:16 Crop Rotation
42:54 Blast Furnace
42:42 Fortified Wall
45:43 Plate Barding Armor
45:55 Paladin
Connection lost

Rejoining the realm…

Still unreachable

The connection could not be restored.

Session expired

The server has moved on; the page needs a fresh start.